 Dungeon Crawl Stone Soup version 0.18.1-8-gdd0e5ea (webtiles) character file.

80 shmeve the Shield-Bearer (level 4, -2/35 HPs)
             Began as a Formicid Fighter on May 27, 2016.
             Slain by a gnoll
             ... wielding a +0 halberd
              (6 damage)
             ... on level 3 of the Dungeon.
             The game lasted 00:03:24 (2084 turns).

shmeve the Shield-Bearer (Formicid Fighter)         Turns: 2084, Time: 00:03:24

Health: -2/35      AC:  6    Str: 21    XL:     4   Next: 65%
Magic:  4/4        EV:  9    Int:  8    God:
Gold:   130        SH:  9    Dex: 10    Spells: 0 memorised, 3 levels left

rFire  . . .     SeeInvis +     a - +0 war axe
rCold  . . .     Gourm    .     b - +0 scale mail
rNeg   . . .     Faith    .     c - +0 shield
rPois  .         Spirit   .     (helmet unavailable)
rElec  .         Dismiss  .     (no cloak)
rCorr  .         Reflect  .     (no gloves)
SustAt .         Harm     .     (no boots)
MR     .....                    (no amulet)
Stlth  ..........               (no ring)
                                (no ring)

@: not resistant to hostile enchantments, extremely unstealthy
A: permanent stasis, dig shafts and tunnels, four strong arms, antennae 3
a: Dig, Shaft Self


You were on level 3 of the Dungeon.
You were not hungry.

You visited 1 branch of the dungeon, and saw 3 of its levels.

You collected 130 gold pieces.

Inventory:

Hand Weapons
 a - a +0 war axe (weapon)
Armour
 b - a +0 scale mail (worn)
 c - a +0 shield (worn)
Scrolls
 e - a scroll of remove curse {unknown}
 h - a scroll of teleportation {unknown}
 k - 7 scrolls of identify {unknown}
 n - a scroll of enchant weapon {unknown}
 o - a scroll of immolation {unknown}
 p - a scroll of enchant armour {unknown}
 r - 2 scrolls of random uselessness {unknown}
Potions
 d - a potion of might
 i - a potion of curing {unknown}
 j - a potion of degeneration {unknown}
 l - a potion of invisibility {unknown}
Comestibles
 f - 2 bread rations
 g - a royal jelly
 m - 2 meat rations


   Skills:
 * Level 3.5 Fighting
 * Level 2.5 Axes
 + Level 3.5 Armour
 * Level 1.8 Dodging
 * Level 4.4 Shields


You had 3 spell levels left.
You didn't know any spells.

Dungeon Overview and Level Annotations

Branches:
Dungeon (3/15)

Altars:
Fedhas


Innate Abilities, Weirdness & Mutations

You are under a permanent stasis effect.
You can dig through walls and to a lower floor.
Your four strong arms can wield two-handed weapons with a shield.
You have a pair of large antennae on your head (SInv).


Message History

A gnoll comes into view. It is wielding a halberd.
The gnoll shouts! x2
You block the gnoll's attack.
Your shield and scale mail prevent you from hitting the gnoll.
You block the gnoll's attack.
You hit the gnoll.
The gnoll is moderately wounded.
The gnoll hits you! The gnoll closely misses you. x2
The gnoll hits you from afar with a halberd!
You hit the gnoll but do no damage.
The gnoll is moderately wounded.
You block the gnoll's attack.
The gnoll hits you from afar with a halberd!
* * * LOW HITPOINT WARNING * * *
You hit the gnoll.
The gnoll is severely wounded.
The gnoll hits you.
* * * LOW HITPOINT WARNING * * *
The gnoll hits you from afar with a halberd.
You die...

#.#
#.#
#.#
#g#
#g#
#g#
#g#
#@#
#.#
#.#
#.#
#.##
#..#
##.#
#.#
#.#


You could see 4 gnolls.

Vanquished Creatures
  3 adders (D:2)
  An ooze (D:1)
  A worm (D:2)
  3 dart slugs
  3 ball pythons (D:1)
  6 goblins
  3 hobgoblins (D:1)
  8 kobolds
  7 bats
  A giant newt (D:1)
  5 rats
41 creatures vanquished.

Notes
Turn   | Place    | Note
--------------------------------------------------------------
     0 | D:1      | shmeve the Formicid Fighter began the quest for the Orb.
     0 | D:1      | Reached XP level 1. HP: 18/18 MP: 1/1
   115 | D:1      | Reached XP level 2. HP: 22/24 MP: 2/2
   265 | D:1      | Reached skill level 1 in Dodging
   275 | D:1      | Reached XP level 3. HP: 20/29 MP: 3/3
   386 | D:1      | Reached skill level 4 in Shields
   986 | D:2      | Reached XP level 4. HP: 33/35 MP: 4/4
  1082 | D:2      | Found a blossoming altar of Fedhas.
  2084 | D:3      | Slain by a gnoll

Skill      XL: |  1  2  3 |
---------------+----------+-----
Dodging        | 1 |  1.8
Shields        | 4 |  4.4
Fighting       | |  3.5
Axes           | |  2.5
Armour         | |  3.5

Action                   |  1- 3 |  4- 6 || total
-------------------------+-------+-------++-------
Melee: War axe           |    87 |    41 ||   128
  Eat: Chunk             |       |     4 ||     4
Armor: Scale mail        |    53 |    18 ||    71
Dodge: Dodged            |    40 |    20 ||    60
Block: Shield            |    62 |    24 ||    86
